AoeStats
← Shawn96

Arabia

509461539Analyzed
4v4 RM · 6d ago on Sep 26, 2026· 30m 47s· 8 players
Game mode
Random Map
Map size
Large (8 player)
Population
200
Speed
Normal
Resources
Standard
Victory
Conquest
Starting age
Dark Age
Ending age
Imperial Age
RankedLock teamsTeams togetherTeam positionsShared explorationLock speedFull tech treeHidden civsTurbo modeCheats
Victory
Defeat
🇨🇦 Franks · Canada
1288
+10
🇬🇧 Khitans · United Kingdom
1248
+11
🇺🇸 Vietnamese · United States
1137
+16
🇦🇷 Shu · Argentina
1117
+17
🇲🇽 Vietnamese · Mexico
1173
-15
🇲🇽 Ethiopians · Mexico
1152
-14
🇹🇼 Spanish · Taiwan
1118
-13
🇬🇧 Danes · United Kingdom
1107
-12
Cdeleon
7:24 Loom
10:08 Feudal Age
11:24 Double-Bit Axe
17:21 Fletching
18:42 Wheelbarrow
23:45 Castle Age
22:10 Padded Archer Armor
23:59 Elite Skirmisher
24:51 Bodkin Arrow
25:12 Leather Archer Armor
Tiiiian
6:26 Loom
9:18 Feudal Age
9:45 Double-Bit Axe
13:25 Town Watch
18:20 Fletching
25:10 Castle Age
23:26 Horse Collar
25:51 Bodkin Arrow
25:17 Crossbowman
AgEnT10101
0:29 Loom
11:14 Feudal Age
17:47 Stone Mining
20:00 Castle Age
18:14 Scale Mail Armor
18:07 Arson
18:13 Double-Bit Axe
19:37 Horse Collar
20:17 Forging
20:57 Squires
21:23 Chain Mail Armor
21:03 Gold Mining
31:21 Wheelbarrow
只會5TC
7:02 Loom
9:09 Feudal Age
10:05 Double-Bit Axe
18:46 Bloodlines
22:17 Castle Age
22:39 Gold Mining
23:01 Husbandry
23:30 Bow Saw
23:55 Scale Barding Armor
24:01 Forging
28:02 Chain Barding Armor
31:12 Iron Casting
LE Lamechara
7:01 Loom
15:54 Feudal Age
16:37 Double-Bit Axe
19:59 Fletching
23:17 Castle Age
21:38 Gold Mining
23:37 Horse Collar
23:23 Elite Skirmisher
24:02 Bodkin Arrow
24:30 Heavy Plow
24:59 Padded Archer Armor
25:20 Crossbowman
27:37 Leather Archer Armor
29:07 Bow Saw
30:27 Stone Mining
Shawn96
6:56 Loom
9:09 Feudal Age
10:00 Double-Bit Axe
18:18 Gold Mining
19:26 Scale Barding Armor
21:06 Wheelbarrow
22:35 Castle Age
21:23 Forging
24:02 Chain Barding Armor
24:18 Iron Casting
23:57 Bow Saw
25:12 Gold Shaft Mining
27:39 Wheelbarrow
Calum1Ltv
6:42 Loom
9:31 Feudal Age
10:04 Double-Bit Axe
14:49 Wheelbarrow
16:51 Forging
17:07 Domestication
25:23 Castle Age
23:51 Scale Barding Armor
23:52 Gold Mining
27:20 Iron Casting
27:05 Chain Barding Armor
26:58 Bow Saw
27:09 Pastoralism
Alvaroski
9:58 Feudal Age
8:16 Loom
10:03 Feudal Age
10:55 Double-Bit Axe
12:45 Fletching
13:37 Padded Archer Armor
23:10 Castle Age
21:16 Horse Collar
23:14 Crossbowman
24:01 Thumb Ring
23:52 Bodkin Arrow
24:10 Gold Mining
Connection lost

Rejoining the realm…

Still unreachable

The connection could not be restored.

Session expired

The server has moved on; the page needs a fresh start.